 Dungeon Crawl Stone Soup version 0.26-a0-812-g31a745ddcd (webtiles) character file.

Game seed: 9125038415050457856

41631 kae the Grappler (level 14, -5/132 HPs)
             Began as a Naga Transmuter on Nov 30, 2020.
             Was the Champion of Cheibriados.
             Slain by a death yak (16 damage)
             ... on level 6 of the Lair of Beasts.
             The game lasted 00:15:46 (25901 turns).

kae the Grappler (Naga Transmuter)                 Turns: 25901, Time: 00:15:46

Health: -5/132     AC: 10    Str: 31    XL:     14   Next: 16%
Magic:  0/23       EV: 18    Int: 28    God:    Cheibriados [******]
Gold:   1740       SH:  0    Dex: 28    Spells: 12/25 levels left

rFire    . . .     SeeInvis +     - Unarmed
rCold    . . .     Faith    .   (shield currently unavailable)
rNeg     + + .     Spirit   +   a - +1 robe
rPois    +         Reflect  .   y - +0 helmet
rElec    .         Harm     .   E - +2 ratskin cloak {*Rats rPois rN+ Str-1 Int-1 Dex+1}
rCorr    .         Rampage  .   (gloves currently unavailable)
MR       ++...     Rnd*Rage +   (no barding)
Stlth    ++........             q - amulet of guardian spirit
HPRegen  0.32/turn              M - ring of positive energy
MPRegen  0.18/turn              (no ring)

@: mighty, blade hands, very slow
A: large, see invisible, berserk 1, deformed body, magic resistance 1, poison
resistance, slowness 2, spit poison 2, MP-powered wands, constrict 1, AC +4
a: Breathe Poison Gas, End Transformation, Bend Time, Temporal Distortion,
Slouch, Step From Time, Renounce Religion


You were on level 6 of the Lair of Beasts.
You worshipped Cheibriados.
Cheibriados was exalted by your worship.
You had blades for hands.
You visited 3 branches of the dungeon, and saw 20 of its levels.
You also visited: Ossuary.

You collected 1824 gold pieces.
You spent 84 gold pieces at shops.

Inventory:

Hand Weapons
 b - a +3 whip of freezing
Armour
 a - a +1 robe (worn)
 y - a +0 helmet (worn)
 E - the +2 ratskin cloak (worn) {*Rats rPois rN+ Str-1 Int-1 Dex+1}
   (You found it on level 7 of the Dungeon)

   It affects your strength (-1).
   It affects your intelligence (-1).
   It affects your dexterity (+1).
   It protects you from poison.
   It protects you from negative energy.
Jewellery
 n - an uncursed amulet of magic regeneration
 o - an uncursed amulet of regeneration
 q - an amulet of guardian spirit (around neck)
 F - an uncursed amulet of faith
 L - a cursed amulet of inaccuracy {unknown}
 M - a ring of positive energy (left scythe-like blade)
 R - an uncursed ring of protection from fire {unknown}
Wands
 l - a wand of polymorph (10)
 p - a wand of paralysis (11)
 s - a wand of acid (21)
 A - a wand of flame (27)
 D - a wand of iceblast (16)
 K - a wand of digging (9)
 Q - a wand of disintegration (4)
Scrolls
 c - 7 scrolls of teleportation
 j - a scroll of torment
 k - 3 scrolls of amnesia
 u - 8 scrolls of enchant weapon
 v - 9 scrolls of identify
 B - 5 scrolls of remove curse
 H - 3 scrolls of enchant armour
 I - 3 scrolls of magic mapping
 J - 2 scrolls of fog
 N - a scroll of noise {unknown}
 P - 3 scrolls of blinking
 S - a scroll of vulnerability {unknown}
Potions
 d - 6 potions of heal wounds
 e - 13 potions of curing
 f - 3 potions of attraction
 g - a potion of magic
 h - 6 potions of might
 i - 5 potions of ambrosia
 m - 4 potions of lignification
 r - 5 potions of degeneration
 t - 6 potions of flight
 w - 2 potions of resistance
 x - a potion of cancellation
 z - 2 potions of haste
 C - 3 potions of berserk rage
 G - 5 potions of brilliance
 O - a potion of invisibility {unknown}


   Skills:
 + Level 10.1 Fighting
 + Level 8.7 Dodging
 * Level 14.0 Unarmed Combat
 - Level 6.3 Spellcasting
 - Level 12.3 Transmutations


You had 12 spell levels left.
You knew the following spells:

 Your Spells              Type           Power        Failure   Level
a - Beastly Appendage     Tmut           ######       5%          1
b - Spider Form           Tmut/Pois      #####.....   17%         3
c - Blade Hands           Tmut           ######....   16%         5
d - Ice Form              Ice/Tmut       #####...     32%         4

Your spell library contained the following spells:

 Spells                   Type           Power        Failure   Level
 Wereblood                Tmut           ######..     6%          2
 Shock                    Conj/Air       #...         36%         1
 Swiftness                Air            #.......     43%         2
 Static Discharge         Conj/Air       #.......     61%         3
 Airstrike                Air            #.........   88%         4
 Lightning Bolt           Conj/Air       #.........   99%         5


Dungeon Overview and Level Annotations

Branches:
Dungeon (13/15)            Temple (1/1) D:4            Lair (6/6) D:11
  Swamp (0/4) Lair:2       Shoals (0/4) Lair:4        Slime (0/5) Lair:6
    Orc (0/2) D:9         Ossuary (visited)
 Vaults: D:13-14

Altars:
Ashenzari
Cheibriados
Dithmenos
Elyvilon
Fedhas
Gozag
Hepliaklqana
Kikubaaqudgha
Makhleb
Nemelex Xobeh
Okawaru
Qazlal
Ru
Sif Muna
Trog
Uskayaw
Vehumet
Wu Jian
Xom
Yredelemnul
Zin
The Shining One
Beogh
Jiyva

Shops:
D:6 [   D:11 !

Annotations:
D:9 exclusion: orange crystal statue
Lair:2 exclusion: hydra
Lair:6 exclusion: oklob plant


Innate Abilities, Weirdness & Mutations

You cannot wear boots.
Your serpentine skin is tough. (AC +4)
You have supernaturally acute eyesight. (SInv)
Armour fits poorly on your strangely shaped body.
Your system is resistant to poisons. (rPois)
You cover ground very slowly.
You can exhale a cloud of poison.
You can use your snake-like lower body to constrict enemies.
You tend to lose your temper in combat.
You are resistant to hostile enchantments. (MR+)
You expend magic power (3 MP) to strengthen your wands.


Message History

The death yak is heavily wounded.
The death yak closely misses you. x2
The death yak gores you but does no damage.
You slash the death yak!
The death yak is severely wounded.
The death yak gores you!
* * * LOW HITPOINT WARNING * * *
You slice the death yak!!
You kill the death yak!
Cheibriados appreciates the change of pace.
Your Unarmed Combat skill increases to level 14!
The death yak barely misses you. The death yak closely misses you.
You slash the death yak!
The death yak is lightly wounded.
The death yak misses you. The death yak gores you!
* * * LOW HITPOINT WARNING * * *
You slice the death yak!!
The death yak is heavily wounded.
The death yak gores you!
You die...

# #.... ####....# ......
.#...... ....P ......##
.... ..♣....# ...#
......# ...### ♣...♣.#
.....## ......#
#####....#.# ..♣...#
###..@..≈≈..##
......######....YY†≈≈≈.≈#
.###......##...≈≈†≈≈≈≈≈..
.# ##.....#...≈≈≈≈≈≈≈≈≈≈.
## #...♣.....≈≈≈≈≈.≈≈≈≈.
# ###...#...≈≈≈≈≈.≈≈≈≈≈ #
# ##.##....≈≈≈.≈.≈≈≈.
..#. #.......≈≈≈≈≈≈≈≈≈.
.... ........≈≈≈≈≈≈≈≈..


You could see 2 death yaks.

Vanquished Creatures
  3 hydras
  2 two-headed ogres (D:11)
  4 death yaks (Lair:6)
  An unseen horror (D:12)
  A lindwurm (Lair:4)
  Pikel (D:5)
  2 ugly things (D:12)
  3 manticores
  3 black mambas
  A deep elf mage (D:12)
  2 merfolk sirens (Lair:4)
  A gargoyle (D:12)
  3 rime drakes
  14 cane toads
  2 komodo dragons (Lair:5)
  5 trolls
  7 polar bears
  2 merfolk (Lair:4)
  3 hornets
  6 blink frogs
  5 dream sheep (Lair:4)
  4 spriggans (Lair:6)
  7 wyverns
  A shadow (D:12)
  48 yaks
  Eustachio (D:5)
  A basilisk (Lair:3)
  A steam dragon (Lair:3)
  9 water moccasins
  3 ice beasts
  2 eyes of draining
  3 sky beasts
  5 orc warriors
  3 black bears
  3 necrophages
  A boggart (Lair:6)
  13 wolves
  10 ogres
  4 centaurs
  3 big kobolds
  Blork the orc (D:5)
  17 bullfrogs
  A gnoll sergeant (D:9)
  A water moccasin skeleton (D:4)
  3 scorpions
  15 wights
  16 killer bees
  A howler monkey (D:12)
  4 electric eels
  A centaur zombie (D:6)
  A bullfrog zombie (D:11)
  2 bullfrog skeletons
  3 centaur skeletons
  6 orc priests
  2 gnoll shamans
  6 hounds
  6 jellies
  Terence (D:2)
  Jessica (D:2)
  4 iguanas
  Natasha (thrice) (D:2)
  4 orc wizards
  A hell rat (D:7)
  7 worker ants
  3 hound skeletons
  2 hound zombies
  8 mummies (Ossuary)
  A worker ant zombie (D:8)
  13 gnolls
  10 adders
  6 river rats (D:7)
  3 white imps
  An ufetubus (D:6)
  An ooze (D:1)
  2 adder skeletons
  A worm (D:3)
  2 dart slugs
  6 leopard geckos
  33 orcs
  A ball python (D:3)
  4 giant cockroaches
  5 hobgoblins
  12 jackals
  6 quokkas
  6 bats
  5 frilled lizards
  8 goblins
  2 hobgoblin zombies (Ossuary)
  16 kobolds
  5 kobold zombies (Ossuary)
  An orc zombie (Ossuary)
  17 rats
  2 rat zombies (D:3)
482 creatures vanquished.

Vanquished Creatures (collateral kills)
  A yak (D:11)
  A water moccasin (Lair:1)
  An orc warrior (D:9)
  A centaur (D:9)
  6 orcs (D:9)
10 creatures vanquished.

Vanquished Creatures (others)
  2 bushes (D:11)
  66 fungi
  117 plants
  3 toadstools (D:3)
188 creatures vanquished.

Grand Total: 680 creatures vanquished

Notes
Turn   | Place    | Note
-------+----------+-------------------------------------------
     0 | D:1      | kae the Naga Transmuter began the quest for the Orb.
     0 | D:1      | Reached XP level 1. HP: 18/18 MP: 3/3
    17 | D:1      | Reached XP level 2. HP: 22/25 MP: 3/5
   370 | D:1      | Gained mutation: You are agile. (Dex +2) [potion of
                  | mutation]
   903 | D:1      | Reached XP level 3. HP: 19/31 MP: 6/6
  1197 | D:2      | Learned a level 3 spell: Spider Form
  1364 | D:2      | Noticed Jessica
  1373 | D:2      | Killed Jessica
  1373 | D:2      | Reached XP level 4. HP: 38/38 MP: 5/7
  1418 | D:2      | Noticed Natasha
  1425 | D:2      | Killed Natasha
  1543 | D:2      | Noticed Terence
  1555 | D:2      | Killed Terence
  1667 | D:2      | Noticed Natasha
  1674 | D:2      | Killed Natasha
  1674 | D:2      | Reached skill level 4 in Unarmed Combat
  1674 | D:2      | Reached XP level 5. HP: 22/45 MP: 6/8
  1947 | D:2      | Noticed Natasha
  1959 | D:2      | Killed Natasha
  2757 | D:3      | Noticed a water elemental
  2758 | D:3      | Found a stormy altar of Qazlal.
  2759 | D:3      | Noticed a fire elemental
  2759 | D:3      | Noticed an air elemental
  2761 | D:3      | Noticed an ogre
  2774 | D:3      | Killed an ogre
  2774 | D:3      | Reached XP level 6. HP: 52/52 MP: 2/10
  3113 | D:3      | Found an ancient bone altar of Kikubaaqudgha.
  3998 | D:4      | Reached skill level 5 in Unarmed Combat
  3998 | D:4      | Reached XP level 7. HP: 41/61 MP: 4/11
  4119 | D:4      | Found a staircase to the Ecumenical Temple.
  4139 | Temple   | Entered the Ecumenical Temple
  4927 | D:5      | Entered Level 5 of the Dungeon
  5116 | D:5      | Noticed Blork the orc
  5125 | D:5      | Killed Blork the orc
  5247 | D:5      | Noticed Pikel
  5248 | D:5      | Noticed Eustachio
  5384 | D:5      | Killed Pikel
  5384 | D:5      | Reached skill level 6 in Unarmed Combat
  5384 | D:5      | Reached skill level 5 in Transmutations
  5384 | D:5      | Reached XP level 8. HP: 57/70 MP: 10/13
  5489 | D:5      | Killed Eustachio
  5609 | D:5      | Found a snail-covered altar of Cheibriados.
  6066 | D:5      | Became a worshipper of Cheibriados the Contemplative
  6287 | D:5      | Learned a level 5 spell: Blade Hands
  6292 | D:5      | Learned a level 4 spell: Ice Form
  6409 | D:6      | Reached XP level 9. HP: 43/78 MP: 10/15
  6824 | D:6      | Reached skill level 7 in Unarmed Combat
  6917 | D:6      | Found Cacwon's Armour Emporium.
  6947 | D:6      | Reached * piety under Cheibriados
  7255 | D:6      | You fall into a shaft and drop 1 floor!
  7549 | D:7      | Found a sand-covered staircase.
  7553 | Ossuary  | Entered an ossuary
  8174 | D:7      | Noticed a +0 dagger
  8174 | D:7      | Noticed a +0 dagger
  8175 | D:7      | Found a hide-covered altar of Uskayaw.
  8275 | D:7      | Reached ** piety under Cheibriados
  8316 | D:7      | Found a burning altar of Makhleb.
  8841 | D:7      | Reached skill level 5 in Fighting
  9104 | D:7      | Found the +2 ratskin cloak {*Rats rPois rN+ Str-1 Int-1
                  | Dex+1}
  9286 | D:7      | Reached *** piety under Cheibriados
  9499 | D:7      | Reached skill level 5 in Spellcasting
  9517 | D:7      | Gained mutation: You tend to lose your temper in combat.
                  | [mutagenic glow]
 10000 | D:8      | Reached skill level 8 in Unarmed Combat
 10000 | D:8      | Reached XP level 10. HP: 88/88 MP: 3/17
 11155 | D:8      | Identified a scroll of acquirement
 11155 | D:8      | Acquired 561 gold pieces
 11184 | D:9      | Reached **** piety under Cheibriados
 11765 | D:9      | Found a roughly hewn altar of Beogh.
 11765 | D:9      | Found a staircase to the Orcish Mines.
 11997 | D:9      | Reached skill level 5 in Dodging
 12005 | D:9      | Reached ***** piety under Cheibriados
 12430 | D:9      | Found a viscous altar of Jiyva.
 12685 | D:9      | Reached skill level 9 in Unarmed Combat
 12934 | D:9      | Reached XP level 11. HP: 97/97 MP: 15/19
 13185 | D:9      | Noticed an orange crystal statue
 13205 | D:9      | Found the +3 Elemental Staff {rElec rF++ rC++ MR++ AC+5}
 13323 | D:10     | Entered Level 10 of the Dungeon
 14705 | D:10     | Reached ****** piety under Cheibriados
 14707 | D:10     | Reached skill level 10 in Unarmed Combat
 15076 | D:11     | Noticed a manticore
 15088 | D:11     | Killed a manticore
 15508 | D:11     | Reached skill level 10 in Transmutations
 15630 | D:11     | Noticed a two-headed ogre
 15638 | D:11     | Killed a two-headed ogre
 15655 | D:11     | Found a staircase to the Lair.
 16021 | D:11     | Noticed a two-headed ogre
 16450 | D:11     | Reached XP level 12. HP: 105/109 MP: 15/21
 16657 | D:11     | Killed a two-headed ogre
 16834 | D:11     | Reached skill level 11 in Unarmed Combat
 16966 | D:11     | Found Vyxeyzazo's Distillery.
 16975 | D:11     | Bought a potion of lignification for 42 gold pieces
 16975 | D:11     | Bought a potion of curing for 42 gold pieces
 17320 | D:12     | You fall into a shaft and drop 1 floor!
 19087 | Lair:1   | Entered Level 1 of the Lair of Beasts
 20441 | Lair:2   | Found a staircase to the Swamp.
 20540 | Lair:2   | Noticed a seven-headed hydra
 20555 | Lair:2   | Noticed a four-headed hydra
 20564 | Lair:2   | Killed a four-headed hydra
 20564 | Lair:2   | Reached skill level 12 in Unarmed Combat
 20619 | Lair:2   | Gained mutation: You can use your snake-like lower body to
                  | constrict enemies. [Naga growth]
 20619 | Lair:2   | Reached XP level 13. HP: 88/118 MP: 16/22
 21713 | Lair:3   | Found an ancient bone altar of Kikubaaqudgha.
 22931 | Lair:4   | Found a staircase to the Shoals.
 23549 | Lair:4   | Lost mutation: You are agile. (Dex +2) [potion of mutation]
 23549 | Lair:4   | Gained mutation: You are surrounded by a mild repulsion
                  | field. (EV +2) [potion of mutation]
 23549 | Lair:4   | Gained mutation: You are covered in fur. (AC +1) [potion of
                  | mutation]
 23627 | Lair:4   | Reached skill level 13 in Unarmed Combat
 24157 | Lair:4   | Lost mutation: You tend to lose your temper in combat.
                  | [potion of mutation]
 24157 | Lair:4   | Lost mutation: You are surrounded by a mild repulsion
                  | field. (EV +2) [potion of mutation]
 24157 | Lair:4   | Lost mutation: You are covered in fur. (AC +1) [potion of
                  | mutation]
 24157 | Lair:4   | Gained mutation: You tend to lose your temper in combat.
                  | [potion of mutation]
 24157 | Lair:4   | Gained mutation: You can exhale a cloud of poison. [potion
                  | of mutation]
 24157 | Lair:4   | Gained mutation: You expend magic power (3 MP) to
                  | strengthen your wands. [potion of mutation]
 24157 | Lair:4   | Gained mutation: You are resistant to hostile enchantments.
                  | (MR+) [potion of mutation]
 25041 | Lair:5   | You fall into a shaft and drop 1 floor!
 25041 | Lair:6   | Entered Level 6 of the Lair of Beasts
 25732 | Lair:6   | Reached XP level 14. HP: 130/130 MP: 17/23
 25797 | Lair:6   | Found a staircase to the Slime Pits.
 25886 | Lair:6   | Reached skill level 10 in Fighting
 25899 | Lair:6   | Reached skill level 14 in Unarmed Combat
 25901 | Lair:6   | Slain by a death yak

Illustrated notes

Levels and vault maps discovered:
D:1:      minmay_arrival_radiant_lines, layout_basic
D:2:      layout_basic, minmay_misc_feat_four_crosses, uniq_natasha,
          uniq_terence, uniq_jessica
D:3:      layout_loops_cross, nicolae_qazlal_style_of_elements,
          lemuel_zombie_altar_kikubaaqudgha, minmay_gold_behind_fungi,
          kennysheep_crisscross
D:4:      layout_cave_pools, minmay_temple_entry_stoned_glass
D:5:      layout_gridville, nicolae_overflow_crystal_walls,
          minmay_misc_feat_doors, uniq_pikel, uniq_eustachio, uniq_blork_the_orc
D:6:      layout_loops_corners, serial_shops, shop
D:7:      wander_guarded_unrand_ratskin, layout_loops_ring,
          dancing_weapons_uskayaw, nicolae_ossuary_entry_false_entrances,
          enter_bailey_2, makhleb_blood_cavern_becter
D:8:      layout_basic
D:9:      layout_basic, david_orc_5, minivault_15, jiyva_altar_1
D:10:     layout_stronghold, kennysheep_generic_room_15
D:11:     layout_roguey, minmay_lair_entry_grove, serial_shops, shop
D:12:     layout_grid_maze
D:13:     layout_roguey, lightli_vaults_fourway_checkpoint, serial_shops,
          shop_fountains
Temple:   hc_temple_tempest_star
Lair:1:   layout_roguey, serial_bayou_lagoon_a
Lair:2:   layout_regular_city, swamp_mist
Lair:3:   layout_long_grid, basic_altar
Lair:4:   layout_gridlike, elwin_shoals_entry_stream
Lair:5:   layout_small_grid, nicolae_quartered_pool_medium, wad_woods_road_04
Lair:6:   minmay_lair_end_enchanted_forest, layout_cave_pods,
          minmay_slime_entry_oklob_open, minmay_lair_oklob_chamber,
          grunt_megastairs_4, infiniplex_staircase_pool_2

Skill      XL: |  1  2  3  4  5  6  7  8  9 10 11 12 13 14 |
---------------+-------------------------------------------+-----
Dodging        | 2 3 4 5 6 7 8 |  8.7
Transmutations | 3 4 5 6 7 9 10 11 12 | 12.3
Fighting       | 2 3 4 5 6 7 8 9 10 | 10.1
Unarmed Combat | 4 5 6 8 9 10 12 13 14 | 14.0
Spellcasting   | 3 4 5 6 |  6.3

Action                   |  1- 3 |  4- 6 |  7- 9 | 10-12 | 13-15 || total
-------------------------+-------+-------+-------+-------+-------++-------
Melee: Unarmed           |    28 |    16 |   190 |   388 |   192 ||   814
       Headbutt          |     5 |     8 |     7 |       |       ||    20
       Whip              |    18 |   100 |   132 |    68 |       ||   318
       Punch             |       |     1 |     9 |    26 |    13 ||    49
       Constrict         |       |       |       |       |    36 ||    36
 Cast: Beastly Appendage |    13 |    18 |     6 |       |       ||    37
       Spider Form       |       |     4 |    18 |       |       ||    22
       Blade Hands       |       |       |    14 |    74 |    31 ||   119
       Ice Form          |       |       |       |     1 |     8 ||     9
 Abil: Spit Poison       |    18 |    20 |    20 |     3 |     1 ||    62
       Breathe Poison Ga |       |       |       |       |    12 ||    12
  Use: Potion            |     2 |       |     1 |     2 |     3 ||     8
       Scroll            |       |       |    14 |    18 |       ||    32
 Stab: Sleeping          |       |       |       |     2 |       ||     2
       Distracted        |       |       |       |     1 |       ||     1
Armor: Robe              |     9 |    31 |    81 |   152 |    49 ||   322
       Skin              |       |       |     3 |     6 |    12 ||    21
Dodge: Dodged            |    38 |    95 |   206 |   529 |   186 ||  1054

Table legend: (Time is in decaauts)
 A = Elapsed time spent in this place.
 B = Non-inter-level travel time spent in this place.
 C = Inter-level travel time spent in this place.
 D = Time resting spent in this place.
 E = Time spent auto-exploring this place.
 F = Levels seen in this place.
 G = Mean time per level.
                   A        B        C        D        E       F      G
               +--------+--------+--------+--------+--------+-----+--------+
         Total |  38955 |  36865 |   2090 |   2577 |  30401 |  21 | 1855.0 |
       Dungeon |  26111 |  24489 |   1622 |   1845 |  19792 |  13 | 2008.5 |
        Temple |    358 |    339 |     19 |      0 |    338 |   1 |  358.0 |
          Lair |  11888 |  11440 |    448 |    732 |   9819 |   6 | 1981.3 |
       Ossuary |    597 |    597 |      0 |      0 |    451 |   1 |  597.0 |
               +--------+--------+--------+--------+--------+-----+--------+

Top non-repeatable levels by time:
     D:7: 3446 daAuts
    D:12: 3237 daAuts
    D:10: 3078 daAuts
     D:9: 2805 daAuts
    D:11: 2737 daAuts
  Lair:3: 2517 daAuts
  Lair:2: 2339 daAuts
  Lair:1: 2206 daAuts
  Lair:4: 2157 daAuts
     D:8: 2001 daAuts
     D:2: 1773 daAuts
     D:5: 1559 daAuts
  Lair:5: 1500 daAuts
     D:4: 1458 daAuts
     D:6: 1435 daAuts
